 Dungeon Sprint DCSS version 0.26.1-11-gd32895ea62 (webtiles) character file.

Game seed: 2614519059617781155

1877 Zeld the Peltast (level 8, -1/96 HPs)
             Began as a Minotaur Monk on June 12, 2021.
             Was a High Priest of Trog.
             Succumbed to a naga mage's splash of poison
             ... in the Dungeon (Sprint V: "Ziggurat Sprint").
             The game lasted 00:01:54 (998 turns).

Zeld the Peltast (Minotaur Monk)                     Turns: 998, Time: 00:01:55

Health: -1/96      AC: 19    Str: 30    XL:     8   Next: 91%
Magic:  7/7        EV:  4    Int:  7    God:    Trog [*****.]
Gold:   0          SH: 25    Dex: 13    Spells: 7/7 levels left

rFire    . . .     SeeInvis +   z - +14 obsidian axe {vorpal, +Fly SInv *Curse} (curse)
rCold    . . .     Faith    .   i - +3 tower shield
rNeg     . . .     Spirit   .   h - +5 crystal plate armour
rPois    .         Reflect  .   (helmet restricted)
rElec    .         Harm     .   (no cloak)
rCorr    .         Rampage  .   (no gloves)
Will     .....     NoTele   +   (no boots)
Stlth    ..........             (no amulet)
HPRegen  0.26/turn              w - +6 ring of strength
MPRegen  0.10/turn              x - +6 ring of strength

@: berserking (expiring), lethally poisoned (-1 -> -22), very quick
A: retaliatory headbutt, horns 2
a: Renounce Religion, Evoke Flight, Berserk, Trog's Hand, Brothers in Arms


You were in the Dungeon.
You worshipped Trog.
Trog was extremely pleased with you.
You visited 1 branch

Inventory:

Hand Weapons
 j - a +5 broad axe
 z - the cursed +14 obsidian axe (weapon) {vorpal, +Fly SInv *Curse}
   (You found it in the Dungeon)

   It inflicts extra damage upon your enemies.
   It lets you see invisible.
   It lets you fly.
   It curses itself when equipped.
   It has a curse placed upon it.
Armour
 h - a +5 crystal plate armour (worn)
 i - a +3 tower shield (worn)
Jewellery
 w - a +6 ring of strength (left hand)
 x - a +6 ring of strength (right hand)
Wands
 t - a wand of disintegration (7)
 u - a wand of iceblast (7)
 v - a wand of acid (7)
Scrolls
 g - 4 scrolls of blinking
 m - 4 scrolls of enchant weapon
 o - 7 scrolls of fog
 p - a scroll of holy word
 q - 5 scrolls of identify
 r - 5 scrolls of remove curse
 s - 2 scrolls of fear
 C - a scroll of brand weapon
Potions
 b - 10 potions of curing
 c - 10 potions of heal wounds
 d - 10 potions of haste
 e - 7 potions of magic
 f - 3 potions of berserk rage
 k - 2 potions of invisibility
 l - 4 potions of resistance
 n - 5 potions of might
Miscellaneous
 a - a box of beasts
 y - a lightning rod (4/4)
 A - a phial of floods
 B - a phantom mirror


   Skills:
 - Level 3.6 Fighting
 * Level 15.9 Axes
 - Level 3.2 Dodging
 - Level 1.5 Stealth
 * Level 15.9 Shields
 - Level 3.2 Unarmed Combat


You had 7 spell levels left.
You didn't know any spells.
Your spell library was empty.

Dungeon Overview and Level Annotations

Branches:
Dungeon (1/1)

Altars:
Ashenzari
Cheibriados
Dithmenos
Elyvilon
Fedhas
Gozag
Hepliaklqana
Kikubaaqudgha
Makhleb
Nemelex Xobeh
Okawaru
Qazlal
Ru
Sif Muna
Trog
Uskayaw
Vehumet
Wu Jian
Xom
Yredelemnul
Zin
The Shining One
Beogh
Jiyva
Lugonu

Annotations:
D 1 transporter


Innate Abilities, Weirdness & Mutations

You reflexively headbutt those who attack you in melee.
You have a pair of horns on your head.


Message History

You slice the naga mage!! Your headbutt misses the naga mage.
The naga mage is heavily wounded.
* * * LOW HITPOINT WARNING * * *
You feel sick. You block the naga mage's attack. x2
Unknown command.
You slash the naga mage! You headbutt the naga mage.
You are no longer entranced.
You kill the naga mage!
Trog accepts your kill.
Trog appreciates your killing of a magic user.
* * * LOW HITPOINT WARNING * * *
You feel sick.
Okay, then.
Unknown command.
You are too berserk!
* * * LOW HITPOINT WARNING * * *
You feel sick.
You are too berserk!
You feel a strong urge to attack something.
You die...

▓...†....▓...)....▓
▓.▓....▓.▓........▓
▓...©....▓...©....▓
▓▓▓▓▓▓▓▓▓▓▓▓▓▓▓▓▓▓▓
▓..8©8..▓ ▓..:):..▓
▓..||)..▓ ▓....)..▓
▓...†@..▓ ▓..†.3..▓
▓...)...▓ ▓.▓...▓.▓
▓...©...▓ ▓▓▓▓▓▓▓▓▓


You could see a friendly sixfirhy (summoned).

Vanquished Creatures
  2 naga magi (D)
  3 merfolk (D)
  A yak (D)
  A naga (D)
  A necrophage (D)
  A wight (D)
  3 jellies (D)
  An iguana (D)
  2 adders (D)
  A river rat (D)
  An ooze (D)
  An adder zombie (D)
  An adder skeleton (D)
  A bat skeleton (D)
  A ball python zombie (D)
  A leopard gecko skeleton (D)
22 creatures vanquished.

Vanquished Creatures (collateral kills)
  A yak (D)
1 creature vanquished.

Vanquished Creatures (others)
  An adder (D)
1 creature vanquished.

Grand Total: 24 creatures vanquished

Notes
Turn   | Place    | Note
-------+----------+-------------------------------------------
     0 | D        | Zeld the Minotaur Monk began the quest for the Orb.
     0 | D        | Reached XP level 1. HP: 19/19 MP: 0/0
     3 | D        | Found a blossoming altar of Fedhas.
     4 | D        | Found the +6 Majin-Bo {vamp, MP+6 Int+6}
     4 | D        | Found the +9 heavy crossbow "Sniper" {vorpal, Acc+∞ SInv}
     4 | D        | Found the +10 dark maul {vorpal}
     4 | D        | Found the +15 Maxwell's patent armour {-Cast -Tele rElec
                  | Will+ rCorr}
     4 | D        | Found the +18 shield of the Gong {rElec rN+ Will+ EV-5}
     4 | D        | Found the cursed +14 obsidian axe {vorpal, +Fly SInv
                  | *Curse}
     4 | D        | Found the +7 great mace "Firestarter" {inner flame, rF++}
     4 | D        | Found the +6 shillelagh "Devastator" {shatter}
     4 | D        | Found the +11 plutonium sword {*Contam Stlth-}
     4 | D        | Found the +8 lance "Wyrmbane" {slay drac, rPois rF+ rC+
                  | AC+3}
     4 | D        | Found the +9 sword of Zonguldrok {reap}
     4 | D        | Found the cursed +13 scythe of Curses {drain, *Curse}
     4 | D        | Found the +5 sword of Power {vorpal}
     4 | D        | Found the +7 mace of Variability {chain chaos}
     4 | D        | Found the +7 Singing Sword {vorpal, sonic wave}
     4 | D        | Found the +8 storm bow {elec, penet}
     5 | D        | Found a viscous altar of Jiyva.
     5 | D        | Found a hazy altar of Hepliaklqana.
     5 | D        | Found a transporter.
     5 | D        | Found an opulent altar of Gozag.
     5 | D        | Found an ancient bone altar of Kikubaaqudgha.
     5 | D        | Found a corrupted altar of Lugonu.
    29 | D        | Found a shimmering blue altar of Sif Muna.
    29 | D        | Found a sacrificial altar of Ru.
    29 | D        | Found a bloodstained altar of Trog.
    29 | D        | Found a stormy altar of Qazlal.
    29 | D        | Found an iron altar of Okawaru.
    29 | D        | Found a sparkling altar of Nemelex Xobeh.
    31 | D        | Reached XP level 2. HP: 26/26 MP: 1/1
    32 | D        | Found a burning altar of Makhleb.
    64 | D        | Became a worshipper of Trog the Wrathful
    64 | D        | Reached * piety under Trog
    64 | D        | Reached ** piety under Trog
    92 | D        | Entered arena 2.
    92 | D        | Noticed a necrophage
    92 | D        | Found a transporter.
    96 | D        | Killed a necrophage
    97 | D        | Reached XP level 3. HP: 30/31 MP: 2/2
    97 | D        | Reached XP level 4. HP: 38/39 MP: 3/3
   349 | D        | Entered arena 3.
   349 | D        | Noticed a merfolk
   349 | D        | Noticed a merfolk
   349 | D        | Noticed a merfolk
   349 | D        | Found a transporter.
   350 | D        | Identified the +10 hand axe "Asanitan" {drain, rN++ Str-5
                  | SInv Stlth+}
   358 | D        | Killed a merfolk
   359 | D        | Reached XP level 5. HP: 21/45 MP: 4/4
   359 | D        | Reached XP level 6. HP: 24/51 MP: 5/5
   359 | D        | Killed a merfolk
   359 | D        | Reached *** piety under Trog
   360 | D        | Reached XP level 7. HP: 27/57 MP: 6/6
   361 | D        | Killed a merfolk
   605 | D        | Entered arena 4.
   605 | D        | Found a transporter.
   608 | D        | Reached **** piety under Trog
   652 | D        | Entered arena 5.
   652 | D        | Noticed a yak
   652 | D        | Noticed a yak
   652 | D        | Found a transporter.
   655 | D        | Killed a yak
   657 | D        | Killed a yak
   658 | D        | Reached XP level 8. HP: 59/64 MP: 7/7
   822 | D        | Entered arena 6.
   822 | D        | Found a transporter.
   823 | D        | Reached ***** piety under Trog
   981 | D        | Entered arena 7.
   981 | D        | Noticed a naga mage
   981 | D        | Noticed a naga mage
   982 | D        | Found a transporter.
   987 | D        | Received a gift from Trog
   993 | D        | Killed a naga mage
   994 | D        | Reached skill level 15 in Axes
   994 | D        | Reached skill level 15 in Shields
   995 | D        | HP: 4/96 [poisoned by a naga mage (splash of poison)]
   996 | D        | Killed a naga mage
   997 | D        | HP: 1/96 [poisoned by a naga mage (splash of poison)]
   998 | D        | Succumbed to a naga mage's splash of poison

Illustrated notes

Levels and vault maps discovered:
D:        sprint_v [room_start, room_1, room_2, room_3, room_4, room_5, room_6,
          room_7, room_8, room_9, room_10, room_11, room_12, room_13, room_14,
          room_15, room_16, room_17, room_18, room_19, room_20, room_21,
          room_22, room_23, room_24, room_25, room_26, room_27]

Skill      XL: |  1  2  3  4  5  6  7  8 |
---------------+-------------------------+-----
Axes           | 6 8 11 12 14 15 | 15.9
Shields        | 6 8 11 12 14 15 | 15.9
Fighting       | |  3.6
Dodging        | |  3.2
Stealth        | |  1.5
Unarmed Combat | |  3.2

Action                   |  1- 3 |  4- 6 |  7- 9 || total
-------------------------+-------+-------+-------++-------
Melee: Broad axe         |     3 |     3 |    24 ||    30
       Headbutt          |     1 |       |     4 ||     5
Invok: Berserk           |       |     1 |     1 ||     2
       Trog's Hand       |       |     1 |       ||     1
  Use: Potion            |     1 |       |       ||     1
Armor: Crystal plate arm |     1 |     3 |    10 ||    14
Dodge: Dodged            |       |     1 |       ||     1
Block: Tower shield      |     3 |     6 |    24 ||    33
